 Dungeon Crawl Stone Soup version 0.31-a0-1300-gb6740aa4e6 (webtiles) character file.

Game seed: 41720322381596184

142 bmb222 the Trooper (level 5, 0/42 HPs)
             Began as a Demonspawn Fighter on Dec 19, 2023.
             Slain by a gnoll
             ... wielding a +0 whip
              (3 damage)
             ... on level 3 of the Dungeon.
             The game lasted 00:03:18 (3022 turns).

bmb222 the Trooper (Demonspawn Fighter)             Turns: 3022, Time: 00:03:18

Health: 0/42       AC: 10    Str: 20    XL:     5   Next: 3%
Magic:  5/5        EV:  7    Int:  8    God:
Gold:   121        SH:  5    Dex: 19    Spells: 4/4 levels left

rFire   . . .        z - +4 mace of Makhleb's Hatred {elec, Fly Str+2 Dex+2}
rCold   . . .        c - +0 buckler
rNeg    . . .        e - +0 chain mail
rPois   .            o - +0 hat
rElec   .            u - +0 cloak
rCorr   .            (no gloves)
SInv    .            (no boots)
Will    .....        (no amulet)
Stlth   +            (no ring)
HPRegen 0.27/turn    (no ring)
MPRegen 0.09/turn

%: no passive effects
@: flying
A: antennae 1, thin skeletal structure 2
a: no special abilities


You were on level 3 of the Dungeon.
You visited 1 branch of the dungeon, and saw 4 of its levels.

You collected 121 gold pieces.

Inventory:

Hand Weapons
 a - a +0 flail
 z - the +4 mace of Makhleb's Hatred (weapon) {elec, Fly Str+2 Dex+2}
   (You found it on level 4 of the Dungeon)

   Str+2:     It affects your strength (+2).
   Dex+2:     It affects your dexterity (+2).
   Fly:       It grants you flight.
Armour
 b - a +0 scale mail
 c - a +0 buckler (worn)
 e - a +0 chain mail (worn)
 o - a +0 hat (worn)
 u - a +0 cloak (worn)
Jewellery
 x - a ring of ice
Wands
 d - a wand of roots (5)
 s - a wand of flame (24)
Scrolls
 f - a scroll of noise {unknown}
 g - a scroll of teleportation {unknown}
 i - 2 scrolls of vulnerability {unknown}
 j - 2 scrolls of enchant armour {unknown}
 k - a scroll of butterflies {unknown}
 l - 4 scrolls of identify {unknown}
 m - a scroll of immolation {unknown}
 n - a scroll of fear {unknown}
 p - 2 scrolls of enchant weapon {unknown}
 r - a scroll of amnesia {unknown}
 y - a scroll of blinking {unknown}
Potions
 h - a potion of attraction {unknown}
 q - a potion of mutation {unknown}
 t - a potion of brilliance {unknown}
 v - 2 potions of might
 w - a potion of degeneration {unknown}


   Skills:
 + Level 3.8 Fighting
 * Level 3.5 Maces & Flails
 + Level 3.4 Armour
 - Level 2.7 Shields


You had 4 spell levels left.
You didn't know any spells.
Your spell library contained the following spells:

 Spells                   Type           Power      Damage    Failure   Level
 Cigotuvi's Dreadful Rot  Necr/Pois/Air  0%         N/A       99%         2
 Sublimation of Blood     Necr           0%         N/A       99%         2
 Wereblood                Tmut           0%         N/A       99%         2
 Ignite Poison            Fire/Tmut/Pois 0%         N/A       100%        3
 Freezing Cloud           Conj/Ice/Air   0%         6-21      100%        5
 Simulacrum               Ice/Necr       0%         N/A       100%        6
 Ozocubu's Refrigeration  Ice            0%         4d7       100%        7
 Summon Hydra             Summ           0%         N/A       100%        7
 Polar Vortex             Ice            0%         N/A       100%        9


Dungeon Overview and Level Annotations

Branches:
Dungeon (4/15)
 Temple: D:4-7

Altars:
Ru
Uskayaw
Vehumet

Shops:
D:3 *


Innate Abilities, Weirdness & Mutations

You have a pair of small antennae on your head.
You have a moderately thin skeletal structure. (Dex +4, Stealth++)


Message History

The orc attacks as it pursues you! The orc hits you but does no damage.
The orc attacks as it pursues you! The orc barely misses you.
You completely miss the gnoll.
The gnoll is heavily wounded.
The gnoll barely misses you. The orc hits you but does no damage.
You barely miss the gnoll.
The gnoll is heavily wounded.
The gnoll hits you with a +0 whip.
* * * LOW HITPOINT WARNING * * *
The orc hits you but does no damage.
You barely miss the gnoll.
The gnoll is heavily wounded.
The gnoll completely misses you. The orc completely misses you.
The gnoll closely misses you. The orc barely misses you.
Unknown command.
You hit the gnoll.
The gnoll is severely wounded.
The gnoll hits you with a +0 whip.
* * * LOW HITPOINT WARNING * * *
The orc hits you from afar with a +0 trident.
* * * LOW HITPOINT WARNING * * *
You see here a throwing net.
Okay, then.
Okay, then.
The orc attacks as it pursues you! The orc barely misses you.
The gnoll attacks as it pursues you! The gnoll hits you but does no damage.
The gnoll attacks as it pursues you! The gnoll hits you with a +0 whip!
* * * LOW HITPOINT WARNING * * *
The gnoll attacks as it pursues you! The gnoll barely misses you.
The gnoll attacks as it pursues you! The gnoll hits you but does no damage.
The gnoll attacks as it pursues you! The gnoll hits you with a +0 whip.
* * * LOW HITPOINT WARNING * * *
There is a stone staircase leading up here.
The gnoll hits you but does no damage.
You fly upwards.
There is a stone staircase leading down here.
You hit the gnoll.
The gnoll is almost dead.
The gnoll hits you with a +0 whip.
You die...

####.##..##......)......
#....##..#..#.####.##.##
#.#####..#.##.####.##+##
#.# #.................
#.# #...#...####......
#.# #.......+...^#....
#.# #.#.#...####.#....
#.# #...#...# #.#####
###.#####@g.....####.#
#...............+....#
############....######
#.........# #.........#
#.........####
#............#
#####....#...##
##........#


You could see a gnoll.

Vanquished Creatures
  Ijyb (D:3)
  2 adders
  3 gnolls (D:3)
  A worm (D:3)
  A dart slug (D:4)
  4 orcs
  9 ball pythons
  4 bats
  4 endoplasms
  3 giant cockroaches
  4 goblins
  5 hobgoblins
  7 kobolds
  2 quokkas
  2 frilled lizards
  7 rats
59 creatures vanquished.

Notes
Turn   | Place    | Note
-------+----------+-------------------------------------------
     0 | D:1      | bmb222 the Demonspawn Fighter began the quest for the Orb.
     0 | D:1      | Reached XP level 1. HP: 18/18 MP: 1/1
   261 | D:1      | Gained mutation: You have a somewhat thin skeletal
                  | structure. (Dex +2, Stealth+) [demonic ancestry]
   261 | D:1      | Reached XP level 2. HP: 13/24 MP: 2/2
   614 | D:2      | Found a faded altar of an unknown god.
  1361 | D:2      | Gained mutation: You have a moderately thin skeletal
                  | structure. (Dex +4, Stealth++) [demonic ancestry]
  1361 | D:2      | Reached XP level 3. HP: 29/29 MP: 3/3
  1735 | D:3      | Found a radiant altar of Vehumet.
  2011 | D:3      | Noticed Ijyb
  2024 | D:3      | Killed Ijyb
  2025 | D:3      | Reached XP level 4. HP: 13/35 MP: 4/4
  2136 | D:3      | Found Issaffivefo's General Store.
  2529 | D:3      | Found a sacrificial altar of Ru.
  2846 | D:4      | Found a hide-covered altar of Uskayaw.
  2875 | D:4      | Identified the +4 mace of Makhleb's Hatred {elec, Fly Str+2
                  | Dex+2}
  2893 | D:4      | Gained mutation: You have a pair of small antennae on your
                  | head. [demonic ancestry]
  2893 | D:4      | Reached XP level 5. HP: 41/42 MP: 5/5
  3015 | D:4      | HP: 2/42 [gnoll/+0 whip (7)]
  3022 | D:3      | Slain by a gnoll

Illustrated notes

Levels and vault maps discovered:
D:1:      roderic_octagonal_star, layout_basic, minmay_misc_feat_room
D:2:      layout_basic, nicolae_ecumenical_oubliette
D:3:      layout_basic, vehumet_altar_wand_db, nicolae_overflow_hidden_temple,
          tso_metal_star, serial_shops, shop, uniq_ijyb
D:4:      layout_basic, lemuel_round_altar, riverfiend_overflow_shadow_ancestor

Skill      XL: |  1  2  3 |
---------------+----------+-----
Maces & Flails | 2 3 |  3.5
Armour         | 3 |  3.4
Fighting       | |  3.8
Shields        | |  2.7

Action                     |  1- 3 |  4- 6 || total
---------------------------+-------+-------++-------
  Melee: Flail             |   109 |    57 ||   166
         Mace              |       |     9 ||     9
  Evoke: Wand              |     1 |       ||     1
    Use: Potion            |     4 |       ||     4
 Armour: Scale mail        |    86 |    23 ||   109
         Chain mail        |       |    44 ||    44
  Dodge: Dodged            |    55 |    30 ||    85
  Block: Buckler           |    26 |    19 ||    45

Table legend: (Time is in decaauts)
 A = Elapsed time spent in this place.
 B = Non-inter-level travel time spent in this place.
 C = Inter-level travel time spent in this place.
 D = Time resting spent in this place.
 E = Time spent auto-exploring this place.
 F = Levels seen in this place.
 G = Mean time per level.
                   A        B        C        D        E       F      G
               +--------+--------+--------+--------+--------+-----+--------+
         Total |   3073 |   2892 |    181 |    225 |   2141 |   4 |  768.2 |
       Dungeon |   3073 |   2892 |    181 |    225 |   2141 |   4 |  768.2 |
               +--------+--------+--------+--------+--------+-----+--------+

Top non-repeatable levels by time:
     D:2: 1054 daAuts
     D:3: 1042 daAuts
     D:1: 683 daAuts
     D:4: 293 daAuts
